Login

Calgary Flames vs Nashville Predators

Created - 08 March 2024 at 23:15

Goals
1 2 3 T
Calgary Flames 0 1 0 1
Nashville Predators 1 2 1 4
Shots
1 2 3 T
Calgary Flames 2 13 6 21
Nashville Predators 9 4 5 18

GoalsPenalties
1st period
1. Nashville Predators , Juuso Parssinen 1 (Tommy Novak 1) at 5:24
Luke Schenn (NSH) for Tripping (Minor) at 10:51
2nd period
2. Nashville Predators , Tyson Barrie 1 (Roman Josi 1, Ryan O'Reilly 1) at 0:16
3. Calgary Flames , Blake Coleman 2 (Elias Lindholm 3, Rasmus Andersson 2) at 3:13 (PP)
4. Nashville Predators , Tommy Novak 1 (Roman Josi 2) at 3:41
Tyson Barrie (NSH) for Tripping (Minor) at 2:15
A.J. Greer (CGY) for High sticking (Minor) at 3:44
3rd period
5. Nashville Predators , Roman Josi 1 (Tyson Barrie 1, Colton Sissons 2) at 11:55
Kiefer Sherwood (NSH) for Tripping (Minor) at 3:32
Blake Coleman (CGY) for Tripping (Minor) at 7:48
Dante Fabbro (NSH) for Hooking (Minor) at 13:58
Goalie Stats
Jacob Markstrom (CGY), 14 saves from 18 shots - (0.778), L, 0-3-0, 60:00 minutes
Juuse Saros (NSH), 20 saves from 21 shots - (0.952), W, 1-1-0, 60:00 minutes
3 StarsOfficial
1 - Roman Josi (NSH)
2 - Tommy Novak (NSH)
3 - Tyson Barrie (NSH)
Referees : Marc Joannette and Kendrick Nicholson
Linesman : Ken Bonham and Steve Barton
Game Note
No Game Note
Finance
Level 1 -- Attendance: 5164 (86.07%) -- Ticket Income $516,400
Level 2 -- Attendance: 4749 (94.98%) -- Ticket Income $284,940
Level 3 -- Attendance: 1943 (97.15%) -- Ticket Income $68,005
Level 4 -- Attendance: 3455 (86.38%) -- Ticket Income $86,375
Luxury Box -- Attendance: 885 (88.50%) -- Ticket Income $177,000
Game was played at the Bridgestone Arena.
Total Attendance: 16196 (89.98%)
Total Ticket Income: $1,132,720
Other Income: $555,033
Total Income: $1,687,753



Team Name Goals Shots Shots Attemp Shots Blocked PIM HIT PP PK FO%
Calgary Flames 1214474171 / 4 (25%)062%
Nashville Predators 41840108110 / 2 (0%)138%

Calgary Flames
Player Name POS G A P +/- PIM HIT SHT SB MP PP MP PP SHT PK MP PK SHT FO% FOT GA TA
A.J. GreerLW0000230116:340:0000:17050% 200
Adam RuzickaC000000002:010:0000:0000% 000
Andrew MangiapaneLW000-2011117:072:3900:0700% 120
Blake ColemanC101-2231021:404:1610:08033% 300
Chris TanevD000-1000013:120:0000:0000% 001
Dillon DubeLW0000003015:410:0001:000100% 120
Elias LindholmC011-2005224:144:1632:16067% 2700
Jonathan HuberdeauLW000-2012022:034:1601:1000% 020
Jordan OesterleD000-100004:240:0000:0000% 000
MacKenzie WeegarD0000020019:552:4301:3900% 010
Mikael BacklundC000-2023019:542:3902:16063% 841
Nazem KadriC0000011015:340:0000:42060% 510
Nick DeSimoneD000-1000013:290:0000:0000% 000
Nikita ZadorovD0000030119:552:4301:3900% 001
Noah HanifinD000-2010123:484:1202:1900% 010
Rasmus AnderssonD011-3003126:004:1222:1900% 000
Walker DuehrRW000000003:360:0000:0000% 000
Yegor SharangovichC000-2002016:532:3920:0000% 001
Nashville Predators
Player Name POS G A P +/- PIM HIT SHT SB MP PP MP PP SHT PK MP PK SHT FO% FOT GA TA
Cody GlassC000000003:280:0100:0000% 000
Cole SmithLW0002001016:471:5100:0900% 011
Colton SissonsC0111010116:370:0001:41050% 400
Dante FabbroD0000211016:050:0101:4700% 001
Denis GurianovRW0001000018:172:0600:0000% 002
Filip ForsbergLW0001002123:242:0604:12120% 1020
Gustav NyquistC0001011214:590:0000:0000% 000
Jeremy LauzonD0000000013:250:0000:0000% 000
Juuso ParssinenC1012011117:301:5100:00025% 400
Kiefer SherwoodLW0001211016:020:0000:5300% 000
Luke SchennD0001210019:021:3001:3400% 001
Mark JankowskiC000000002:360:0001:0200% 000
Roman JosiD1233004126:002:2804:3100% 001
Ryan McDonaghD0001010119:341:3002:2400% 002
Ryan O'ReillyC0111011123:252:0604:12043% 2101
Tommy NovakC1122013118:201:5101:41050% 811
Tyson BarrieD1123223125:252:2803:3400% 003
Yakov TreninC000000002:050:0100:0000% 000

Calgary Flames

5 vs 5 Forward
Line #Left WingCenterRight WingPHYDFOFWanted %Time %Time Play
1Jonathan HuberdeauElias LindholmBlake Coleman1224036%17:30
2Andrew MangiapaneMikael BacklundYegor Sharangovich1223030%14:42
3Dillon DubeNazem KadriA.J. Greer1222030%14:45
4A.J. GreerBlake ColemanElias Lindholm122104%2:10
5 vs 5 Defense
Line #DefenseDefensePHYDFOFWanted %Time %Time Play
1Rasmus AnderssonNoah Hanifin1224033%16:04
2MacKenzie WeegarNikita Zadorov1223032%15:33
3Chris TanevNick DeSimone1222027%13:12
4Jordan OesterleRasmus Andersson122109%4:18
Power Play Forward
Line #Left WingCenterRight WingPHYDFOFWanted %Time %Time Play
1Jonathan HuberdeauElias LindholmBlake Coleman1226062%4:16
2Andrew MangiapaneMikael BacklundYegor Sharangovich1224038%2:39
Power Play Defense
Line #DefenseDefensePHYDFOFWanted %Time %Time Play
1Rasmus AnderssonNoah Hanifin1226061%4:12
2MacKenzie WeegarNikita Zadorov1224039%2:43
Penalty Kill 4 Players Forward
Line #CenterWingPHYDFOFWanted %Time %Time Play
1Elias LindholmMikael Backlund1226082%3:16
2Jonathan HuberdeauNazem Kadri1224018%0:42
Penalty Kill 4 Players Defense
Line #DefenseDefensePHYDFOFWanted %Time %Time Play
1Rasmus AnderssonNoah Hanifin1226058%2:19
2MacKenzie WeegarNikita Zadorov1224042%1:39
Penalty Kill 3 Players
Line #WingPHYDFOFWanted %Time %Time PlayDefenseDefensePHYDFOFWanted %Time %Time Play
1Elias Lindholm122600%0:00 Rasmus AnderssonNoah Hanifin122600%0:00
2Mikael Backlund122400%0:00 MacKenzie WeegarNikita Zadorov122400%0:00
4 vs 4 Forward
Line #CenterWingPHYDFOFWanted %Time %Time Play
1Elias LindholmMikael Backlund122600%0:00
2Jonathan HuberdeauNazem Kadri122400%0:00
4 vs 4 Defense
Line #DefensePHYDFOFWanted %Time %Time Play
1Rasmus AnderssonNoah Hanifin122600%0:00
2MacKenzie WeegarNikita Zadorov122400%0:00
Last Minutes Offensive
Left WingCenterRight WingDefenseDefense
Jonathan HuberdeauElias LindholmBlake ColemanRasmus AnderssonNoah Hanifin
Last Minutes Defensive
Left WingCenterRight WingDefenseDefense
Jonathan HuberdeauElias LindholmBlake ColemanRasmus AnderssonNoah Hanifin
Time
Total ForwardTotal DefenseLast Minutes OffensiveLast Minutes Defensive
60:00 60:00 0:000:00
Extra Forwards
Normal PowerPlayPenalty Kill
Elias Lindholm, Jonathan Huberdeau, Dillon DubeElias Lindholm, Mikael BacklundDillon Dube
Extra Defensemen
Normal PowerPlayPenalty Kill
Chris Tanev, Rasmus Andersson, Jordan OesterleChris Tanev, Rasmus AnderssonJordan Oesterle
Penalty Shots
Elias Lindholm, Mikael Backlund, Jonathan Huberdeau, Nazem Kadri, Andrew Mangiapane
Goalie
Jacob Markstrom, Dan Vladar
Custom OT Lines Forwards
Elias Lindholm, Mikael Backlund, Jonathan Huberdeau, Nazem Kadri, Andrew Mangiapane, Dillon Dube, Blake Coleman, Yegor Sharangovich, A.J. Greer, Adam Ruzicka
Custom OT Lines Defensemen
Rasmus Andersson, Noah Hanifin, MacKenzie Weegar, Nikita Zadorov, Chris Tanev
Scratches
Dennis Gilbert (Bruised Left Foot Injury), Dryden Hunt (Healthy), Kevin Rooney (Healthy)

Nashville Predators

5 vs 5 Forward
Line #Left WingCenterRight WingPHYDFOFWanted %Time %Time Play
1Filip ForsbergRyan O'ReillyDenis Gurianov1224035%17:23
2Cole SmithTommy NovakJuuso Parssinen1223031%15:14
3Kiefer SherwoodColton SissonsGustav Nyquist1222031%15:02
4Filip ForsbergJuuso ParssinenRyan O'Reilly122103%1:28
5 vs 5 Defense
Line #DefenseDefensePHYDFOFWanted %Time %Time Play
1Roman JosiTyson Barrie1224036%17:38
2Luke SchennRyan McDonagh1223035%17:02
3Jeremy LauzonDante Fabbro1222027%13:08
4Roman JosiTyson Barrie122103%1:19
Power Play Forward
Line #Left WingCenterRight WingPHYDFOFWanted %Time %Time Play
1Filip ForsbergRyan O'ReillyDenis Gurianov1226053%2:07
2Cole SmithTommy NovakJuuso Parssinen1224047%1:51
Power Play Defense
Line #DefenseDefensePHYDFOFWanted %Time %Time Play
1Roman JosiTyson Barrie1226062%2:28
2Luke SchennRyan McDonagh1224038%1:30
Penalty Kill 4 Players Forward
Line #CenterWingPHYDFOFWanted %Time %Time Play
1Filip ForsbergRyan O'Reilly1226076%5:14
2Tommy NovakColton Sissons1224024%1:41
Penalty Kill 4 Players Defense
Line #DefenseDefensePHYDFOFWanted %Time %Time Play
1Roman JosiTyson Barrie1226065%4:31
2Luke SchennRyan McDonagh1224035%2:24
Penalty Kill 3 Players
Line #WingPHYDFOFWanted %Time %Time PlayDefenseDefensePHYDFOFWanted %Time %Time Play
1Filip Forsberg122600%0:00 Roman JosiTyson Barrie122600%0:00
2Ryan O'Reilly122400%0:00 Luke SchennRyan McDonagh122400%0:00
4 vs 4 Forward
Line #CenterWingPHYDFOFWanted %Time %Time Play
1Filip ForsbergRyan O'Reilly122600%0:00
2Tommy NovakColton Sissons122400%0:00
4 vs 4 Defense
Line #DefensePHYDFOFWanted %Time %Time Play
1Roman JosiTyson Barrie122600%0:00
2Luke SchennRyan McDonagh122400%0:00
Last Minutes Offensive
Left WingCenterRight WingDefenseDefense
Filip ForsbergRyan O'ReillyDenis GurianovRoman JosiTyson Barrie
Last Minutes Defensive
Left WingCenterRight WingDefenseDefense
Filip ForsbergRyan O'ReillyDenis GurianovRoman JosiTyson Barrie
Time
Total ForwardTotal DefenseLast Minutes OffensiveLast Minutes Defensive
60:00 60:00 0:000:00
Extra Forwards
Normal PowerPlayPenalty Kill
Cody Glass, Yakov Trenin, Mark JankowskiCody Glass, Yakov TreninMark Jankowski
Extra Defensemen
Normal PowerPlayPenalty Kill
Jeremy Lauzon, Dante Fabbro, Luke SchennJeremy Lauzon, Dante FabbroLuke Schenn
Penalty Shots
Filip Forsberg, Ryan O'Reilly, Tommy Novak, Colton Sissons, Juuso Parssinen
Goalie
Juuse Saros, Kevin Lankinen
Custom OT Lines Forwards
Filip Forsberg, Ryan O'Reilly, Tommy Novak, Colton Sissons, Juuso Parssinen, Gustav Nyquist, Cody Glass, Yakov Trenin, Cole Smith, Kiefer Sherwood
Custom OT Lines Defensemen
Roman Josi, Tyson Barrie, Luke Schenn, Ryan McDonagh, Jeremy Lauzon
Scratches
Alexandre Carrier (Healthy), Michael McCarron (Healthy), Spencer Stastney (Healthy)


Play-by-Play

1st period


0:01 of 1st period - Elias Lindholm wins face-off versus Ryan O'Reilly in neutral zone.
0:28 of 1st period - Icing by Tyson Barrie.
0:29 of 1st period - Tommy Novak wins face-off versus Mikael Backlund in Nashville Predators zone.
0:46 of 1st period - Wrist shot by Mikael Backlund.
0:46 of 1st period - Stopped by Juuse Saros with a rebound.
0:56 of 1st period - Cole Smith is hit by A.J. Greer and loses puck.
1:46 of 1st period - Wrist shot by Ryan O'Reilly.
1:46 of 1st period - Stopped by Jacob Markstrom with a rebound.
1:48 of 1st period - Snap shot by Filip Forsberg.
1:48 of 1st period - Shot Blocked by Andrew Mangiapane.
1:50 of 1st period - Wrist shot by Dante Fabbro.
1:50 of 1st period - Stopped by Jacob Markstrom with a rebound.
4:00 of 1st period - Nikita Zadorov is hit by Gustav Nyquist and loses puck.
4:16 of 1st period - Icing by Jonathan Huberdeau.
4:17 of 1st period - Tommy Novak wins face-off versus Nazem Kadri in Calgary Flames zone.
4:28 of 1st period - Roman Josi is hit by MacKenzie Weegar.
5:14 of 1st period - Off-side.
5:15 of 1st period - Tommy Novak wins face-off versus Elias Lindholm in neutral zone.
5:24 of 1st period - Snap shot by Juuso Parssinen.
5:24 of 1st period - Goal by Juuso Parssinen - Calgary Flames : 0 - Nashville Predators : 1.
5:25 of 1st period - Elias Lindholm wins face-off versus Ryan O'Reilly in neutral zone.
5:51 of 1st period - Jonathan Huberdeau is hit by Tyson Barrie and loses puck.
6:22 of 1st period - Wrist shot by Juuso Parssinen.
6:22 of 1st period - Shot Blocked by Rasmus Andersson.
6:42 of 1st period - Snap shot by Elias Lindholm.
6:42 of 1st period - Shot Misses the Net.
6:45 of 1st period - Icing by Filip Forsberg.
6:46 of 1st period - Ryan O'Reilly wins face-off versus Andrew Mangiapane in Nashville Predators zone.
7:01 of 1st period - Wrist shot by Filip Forsberg.
7:01 of 1st period - Stopped by Jacob Markstrom without a rebound.
7:02 of 1st period - Nazem Kadri wins face-off versus Tommy Novak in Calgary Flames zone.
7:11 of 1st period - Slapshot by Tyson Barrie.
7:11 of 1st period - Shot Misses the Net.
7:17 of 1st period - Snap shot by Nazem Kadri.
7:17 of 1st period - Deflect By Tyson Barrie.
7:17 of 1st period - Shot Misses the Net.
7:17 of 1st period - Puck is out of play.
7:18 of 1st period - Mikael Backlund wins face-off versus Juuso Parssinen in Nashville Predators zone.
7:21 of 1st period - Snap shot by Mikael Backlund.
7:21 of 1st period - Shot Blocked by Juuso Parssinen.
7:53 of 1st period - Icing by A.J. Greer.
7:54 of 1st period - Nazem Kadri wins face-off versus Colton Sissons in Calgary Flames zone.
8:27 of 1st period - Wrist shot by Kiefer Sherwood.
8:27 of 1st period - Stopped by Jacob Markstrom without a rebound.
8:28 of 1st period - Ryan O'Reilly wins face-off versus Elias Lindholm in Calgary Flames zone.
9:18 of 1st period - Snap shot by Colton Sissons.
9:18 of 1st period - Shot Misses the Net.
9:24 of 1st period - Nazem Kadri is hit by Colton Sissons and loses puck.
9:46 of 1st period - Icing by MacKenzie Weegar.
9:47 of 1st period - Ryan O'Reilly wins face-off versus Elias Lindholm in Calgary Flames zone.
9:48 of 1st period - Slapshot by Tyson Barrie.
9:48 of 1st period - Stopped by Jacob Markstrom with a rebound.
9:59 of 1st period - Icing by Ryan O'Reilly.
10:00 of 1st period - Mikael Backlund wins face-off versus Filip Forsberg in Nashville Predators zone.
10:33 of 1st period - Wrist shot by Tommy Novak.
10:33 of 1st period - Stopped by Jacob Markstrom without a rebound.
10:34 of 1st period - Tommy Novak wins face-off versus Blake Coleman in Calgary Flames zone.
10:37 of 1st period - Wrist shot by Juuso Parssinen.
10:37 of 1st period - Deflect By Tommy Novak.
10:37 of 1st period - Shot Blocked by Elias Lindholm.
10:37 of 1st period - Puck is out of play.
10:38 of 1st period - Blake Coleman wins face-off versus Juuso Parssinen in Calgary Flames zone.
10:38 of 1st period - Blake Coleman is hit by Ryan McDonagh.
10:51 of 1st period - Minor Penalty to Luke Schenn for Tripping.
10:52 of 1st period - Filip Forsberg wins face-off versus Blake Coleman in Nashville Predators zone.
11:00 of 1st period - Slapshot by Filip Forsberg.
11:00 of 1st period - Stopped by Jacob Markstrom with a rebound.
12:16 of 1st period - Roman Josi is hit by Nikita Zadorov and loses puck.
12:51 of 1st period - Penalty to Luke Schenn is over, Luke Schenn is back on ice.
12:57 of 1st period - Luke Schenn is hit by Noah Hanifin and loses puck.
13:04 of 1st period - Snap shot by Dillon Dube.
13:04 of 1st period - Stopped by Juuse Saros with a rebound.
13:06 of 1st period - Wrist shot by A.J. Greer.
13:06 of 1st period - Shot Blocked by Ryan McDonagh.
14:17 of 1st period - Icing by Nikita Zadorov.
14:18 of 1st period - Ryan O'Reilly wins face-off versus Nazem Kadri in Calgary Flames zone.
14:19 of 1st period - Snap shot by Filip Forsberg.
14:19 of 1st period - Shot Misses the Net.
14:48 of 1st period - Wrist shot by Colton Sissons.
14:48 of 1st period - Shot Misses the Net.
15:10 of 1st period - Snap shot by Ryan O'Reilly.
15:10 of 1st period - Shot Misses the Net.
15:12 of 1st period - Wrist shot by Denis Gurianov.
15:12 of 1st period - Shot Misses the Net.
15:52 of 1st period - Slapshot by Tyson Barrie.
15:52 of 1st period - Deflect By MacKenzie Weegar.
15:52 of 1st period - Stopped by Jacob Markstrom with a rebound.
16:04 of 1st period - Ryan O'Reilly is hit by Andrew Mangiapane and loses puck.
17:12 of 1st period - Rasmus Andersson is hit by Kiefer Sherwood and loses puck.
17:33 of 1st period - Elias Lindholm is hit by Juuso Parssinen and loses puck.
17:44 of 1st period - Ryan McDonagh is hit by Nikita Zadorov and loses puck.
17:59 of 1st period - Juuso Parssinen is hit by Nikita Zadorov and loses puck.
18:16 of 1st period - Tyson Barrie is hit by Mikael Backlund and loses puck.
18:29 of 1st period - Kiefer Sherwood is hit by A.J. Greer and loses puck.
Goals for this period are 0 for Calgary Flames vs 1 for Nashville Predators.
Shots for this period are 2 for Calgary Flames vs 9 for Nashville Predators.

2nd period


0:01 of 2nd period - Ryan O'Reilly wins face-off versus Elias Lindholm in neutral zone.
0:16 of 2nd period - Slapshot by Tyson Barrie.
0:16 of 2nd period - Goal by Tyson Barrie - Calgary Flames : 0 - Nashville Predators : 2.
0:17 of 2nd period - Elias Lindholm wins face-off versus Ryan O'Reilly in neutral zone.
0:26 of 2nd period - Snap shot by Jonathan Huberdeau.
0:26 of 2nd period - Stopped by Juuse Saros without a rebound.
0:27 of 2nd period - Elias Lindholm wins face-off versus Ryan O'Reilly in Nashville Predators zone.
0:36 of 2nd period - Snap shot by Elias Lindholm.
0:36 of 2nd period - Shot Misses the Net.
0:58 of 2nd period - Wrist shot by Elias Lindholm.
0:58 of 2nd period - Shot Hit the Post.
1:00 of 2nd period - Wrist shot by Elias Lindholm.
1:00 of 2nd period - Stopped by Juuse Saros without a rebound.
1:01 of 2nd period - Juuso Parssinen wins face-off versus Mikael Backlund in Nashville Predators zone.
1:18 of 2nd period - Wrist shot by Mikael Backlund.
1:18 of 2nd period - Stopped by Juuse Saros with a rebound.
1:38 of 2nd period - Slapshot by Dillon Dube.
1:38 of 2nd period - Stopped by Juuse Saros without a rebound.
1:39 of 2nd period - Ryan O'Reilly wins face-off versus Elias Lindholm in Nashville Predators zone.
2:15 of 2nd period - Minor Penalty to Tyson Barrie for Tripping.
2:16 of 2nd period - Elias Lindholm wins face-off versus Filip Forsberg in Nashville Predators zone.
2:20 of 2nd period - Snap shot by Jonathan Huberdeau.
2:20 of 2nd period - Shot Blocked by Filip Forsberg.
2:22 of 2nd period - Wrist shot by Elias Lindholm.
2:22 of 2nd period - Deflect By Ryan O'Reilly.
2:22 of 2nd period - Stopped by Juuse Saros without a rebound.
2:23 of 2nd period - Filip Forsberg wins face-off versus Elias Lindholm in Nashville Predators zone.
2:32 of 2nd period - Roman Josi is hit by Blake Coleman and loses puck.
2:37 of 2nd period - Wrist shot by Elias Lindholm.
2:37 of 2nd period - Stopped by Juuse Saros with a rebound.
2:39 of 2nd period - Slapshot by Rasmus Andersson.
2:39 of 2nd period - Stopped by Juuse Saros without a rebound.
2:40 of 2nd period - Elias Lindholm wins face-off versus Filip Forsberg in Nashville Predators zone.
2:47 of 2nd period - Wrist shot by Elias Lindholm.
2:47 of 2nd period - Stopped by Juuse Saros without a rebound.
2:48 of 2nd period - Elias Lindholm wins face-off versus Filip Forsberg in Nashville Predators zone.
3:05 of 2nd period - Slapshot by Jonathan Huberdeau.
3:05 of 2nd period - Shot Blocked by Ryan O'Reilly.
3:07 of 2nd period - Slapshot by Rasmus Andersson.
3:07 of 2nd period - Stopped by Juuse Saros with a rebound.
3:09 of 2nd period - Wrist shot by Blake Coleman.
3:09 of 2nd period - Shot Misses the Net.
3:11 of 2nd period - Wrist shot by Elias Lindholm.
3:11 of 2nd period - Shot Misses the Net.
3:13 of 2nd period - Wrist shot by Blake Coleman.
3:13 of 2nd period - Goal by Blake Coleman - Calgary Flames : 1 - Nashville Predators : 2.
3:14 of 2nd period - Elias Lindholm wins face-off versus Ryan O'Reilly in neutral zone.
3:17 of 2nd period - Slapshot by Rasmus Andersson.
3:17 of 2nd period - Stopped by Juuse Saros with a rebound.
3:19 of 2nd period - Slapshot by Noah Hanifin.
3:19 of 2nd period - Shot Misses the Net.
3:29 of 2nd period - Slapshot by Roman Josi.
3:29 of 2nd period - Deflect By Ryan O'Reilly.
3:29 of 2nd period - Shot Blocked by Noah Hanifin.
3:29 of 2nd period - Puck is out of play.
3:30 of 2nd period - Mikael Backlund wins face-off versus Tommy Novak in Calgary Flames zone.
3:41 of 2nd period - Snap shot by Tommy Novak.
3:41 of 2nd period - Goal by Tommy Novak - Calgary Flames : 1 - Nashville Predators : 3.
3:42 of 2nd period - A.J. Greer wins face-off versus Juuso Parssinen in neutral zone.
3:44 of 2nd period - Minor Penalty to A.J. Greer for High sticking.
3:45 of 2nd period - Elias Lindholm wins face-off versus Ryan O'Reilly in Calgary Flames zone.
3:59 of 2nd period - Snap shot by Mikael Backlund.
3:59 of 2nd period - Shot Misses the Net.
5:44 of 2nd period - Penalty to A.J. Greer is over, A.J. Greer is back on ice.
6:00 of 2nd period - Slapshot by Mikael Backlund.
6:00 of 2nd period - Shot Misses the Net.
6:32 of 2nd period - Slapshot by Elias Lindholm.
6:32 of 2nd period - Stopped by Juuse Saros with a rebound.
6:56 of 2nd period - Wrist shot by Tyson Barrie.
6:56 of 2nd period - Shot Misses the Net.
7:04 of 2nd period - Slapshot by Tyson Barrie.
7:04 of 2nd period - Shot Blocked by A.J. Greer.
7:06 of 2nd period - Backhand shot by Roman Josi.
7:06 of 2nd period - Shot Blocked by Elias Lindholm.
7:20 of 2nd period - Slapshot by Roman Josi.
7:20 of 2nd period - Shot Blocked by Nikita Zadorov.
7:22 of 2nd period - Slapshot by Roman Josi.
7:22 of 2nd period - Stopped by Jacob Markstrom with a rebound.
7:24 of 2nd period - Slapshot by Roman Josi.
7:24 of 2nd period - Shot Misses the Net.
7:26 of 2nd period - Wrist shot by Roman Josi.
7:26 of 2nd period - Stopped by Jacob Markstrom with a rebound.
7:28 of 2nd period - Snap shot by Colton Sissons.
7:28 of 2nd period - Shot Misses the Net.
7:53 of 2nd period - Snap shot by Mikael Backlund.
7:53 of 2nd period - Stopped by Juuse Saros without a rebound.
7:54 of 2nd period - Nazem Kadri wins face-off versus Ryan O'Reilly in Nashville Predators zone.
7:55 of 2nd period - Slapshot by Jonathan Huberdeau.
7:55 of 2nd period - Shot Misses the Net.
8:21 of 2nd period - Luke Schenn is hit by Blake Coleman and loses puck.
8:48 of 2nd period - Nazem Kadri is hit by Luke Schenn and loses puck.
17:36 of 2nd period - MacKenzie Weegar is hit by Dante Fabbro and loses puck.
Goals for this period are 1 for Calgary Flames vs 2 for Nashville Predators.
Shots for this period are 13 for Calgary Flames vs 4 for Nashville Predators.

3rd period


0:01 of 3rd period - Elias Lindholm wins face-off versus Ryan O'Reilly in neutral zone.
1:27 of 3rd period - Cole Smith is hit by Mikael Backlund and loses puck.
1:48 of 3rd period - Snap shot by Dillon Dube.
1:48 of 3rd period - Stopped by Juuse Saros with a rebound.
1:50 of 3rd period - Snap shot by Nazem Kadri.
1:50 of 3rd period - Stopped by Juuse Saros without a rebound.
1:51 of 3rd period - Elias Lindholm wins face-off versus Ryan O'Reilly in Nashville Predators zone.
1:56 of 3rd period - Snap shot by Elias Lindholm.
1:56 of 3rd period - Shot Blocked by Tyson Barrie.
1:58 of 3rd period - Snap shot by Jonathan Huberdeau.
1:58 of 3rd period - Deflect By Elias Lindholm.
1:58 of 3rd period - Shot Misses the Net.
1:58 of 3rd period - Puck is out of play.
1:59 of 3rd period - Ryan O'Reilly wins face-off versus Elias Lindholm in Nashville Predators zone.
2:14 of 3rd period - Wrist shot by Filip Forsberg.
2:14 of 3rd period - Deflect By Denis Gurianov.
2:14 of 3rd period - Shot Misses the Net.
2:14 of 3rd period - Puck is out of play.
2:15 of 3rd period - Mikael Backlund wins face-off versus Tommy Novak in Calgary Flames zone.
2:20 of 3rd period - Slapshot by Tommy Novak.
2:20 of 3rd period - Shot Misses the Net.
2:22 of 3rd period - Slapshot by Tyson Barrie.
2:22 of 3rd period - Shot Misses the Net.
2:24 of 3rd period - Wrist shot by Cole Smith.
2:24 of 3rd period - Shot Misses the Net.
2:26 of 3rd period - Snap shot by Tommy Novak.
2:26 of 3rd period - Stopped by Jacob Markstrom with a rebound.
2:28 of 3rd period - Snap shot by Cole Smith.
2:28 of 3rd period - Stopped by Jacob Markstrom without a rebound.
2:29 of 3rd period - Elias Lindholm wins face-off versus Ryan O'Reilly in Calgary Flames zone.
2:29 of 3rd period - Elias Lindholm is hit by Ryan O'Reilly.
3:21 of 3rd period - Wrist shot by Rasmus Andersson.
3:21 of 3rd period - Shot Blocked by Gustav Nyquist.
3:32 of 3rd period - Minor Penalty to Kiefer Sherwood for Tripping.
3:33 of 3rd period - Elias Lindholm wins face-off versus Filip Forsberg in Nashville Predators zone.
4:07 of 3rd period - Slapshot by Mikael Backlund.
4:07 of 3rd period - Shot Misses the Net.
4:09 of 3rd period - Slapshot by Mikael Backlund.
4:09 of 3rd period - Deflect By Yegor Sharangovich.
4:09 of 3rd period - Stopped by Juuse Saros with a rebound.
4:11 of 3rd period - Slapshot by MacKenzie Weegar.
4:11 of 3rd period - Shot Blocked by Tommy Novak.
4:13 of 3rd period - Slapshot by MacKenzie Weegar.
4:13 of 3rd period - Shot Blocked by Colton Sissons.
4:15 of 3rd period - Wrist shot by Yegor Sharangovich.
4:15 of 3rd period - Stopped by Juuse Saros without a rebound.
4:16 of 3rd period - Mikael Backlund wins face-off versus Filip Forsberg in Nashville Predators zone.
5:32 of 3rd period - Penalty to Kiefer Sherwood is over, Kiefer Sherwood is back on ice.
5:35 of 3rd period - Icing by Roman Josi.
5:36 of 3rd period - Dillon Dube wins face-off versus Colton Sissons in Nashville Predators zone.
5:55 of 3rd period - Kiefer Sherwood is hit by Nazem Kadri and loses puck.
6:02 of 3rd period - Gustav Nyquist is hit by A.J. Greer.
6:08 of 3rd period - Snap shot by Rasmus Andersson.
6:08 of 3rd period - Shot Blocked by Gustav Nyquist.
6:16 of 3rd period - Snap shot by Kiefer Sherwood.
6:16 of 3rd period - Shot Misses the Net.
6:18 of 3rd period - Slapshot by Jeremy Lauzon.
6:18 of 3rd period - Shot Misses the Net.
6:20 of 3rd period - Wrist shot by Gustav Nyquist.
6:20 of 3rd period - Stopped by Jacob Markstrom without a rebound.
6:21 of 3rd period - Elias Lindholm wins face-off versus Filip Forsberg in Calgary Flames zone.
6:32 of 3rd period - Snap shot by Jonathan Huberdeau.
6:32 of 3rd period - Stopped by Juuse Saros with a rebound.
6:34 of 3rd period - Slapshot by Rasmus Andersson.
6:34 of 3rd period - Shot Blocked by Roman Josi.
6:53 of 3rd period - Snap shot by Andrew Mangiapane.
6:53 of 3rd period - Stopped by Juuse Saros with a rebound.
7:14 of 3rd period - Icing by Nikita Zadorov.
7:15 of 3rd period - Colton Sissons wins face-off versus A.J. Greer in Calgary Flames zone.
7:48 of 3rd period - Minor Penalty to Blake Coleman for Tripping.
7:49 of 3rd period - Elias Lindholm wins face-off versus Ryan O'Reilly in Calgary Flames zone.
8:58 of 3rd period - Icing by Ryan McDonagh.
8:59 of 3rd period - Ryan O'Reilly wins face-off versus Elias Lindholm in Nashville Predators zone.
9:48 of 3rd period - Penalty to Blake Coleman is over, Blake Coleman is back on ice.
11:49 of 3rd period - Icing by Nazem Kadri.
11:50 of 3rd period - Colton Sissons wins face-off versus Mikael Backlund in Calgary Flames zone.
11:55 of 3rd period - Slapshot by Roman Josi.
11:55 of 3rd period - Goal by Roman Josi - Calgary Flames : 1 - Nashville Predators : 4.
11:56 of 3rd period - Ryan O'Reilly wins face-off versus Elias Lindholm in neutral zone.
12:01 of 3rd period - Backhand shot by Roman Josi.
12:01 of 3rd period - Stopped by Jacob Markstrom with a rebound.
12:11 of 3rd period - Ryan O'Reilly is hit by Blake Coleman and loses puck.
12:54 of 3rd period - Off-side.
12:55 of 3rd period - Elias Lindholm wins face-off versus Ryan O'Reilly in neutral zone.
12:58 of 3rd period - Snap shot by Elias Lindholm.
12:58 of 3rd period - Shot Misses the Net.
13:58 of 3rd period - Minor Penalty to Dante Fabbro for Hooking.
13:59 of 3rd period - Elias Lindholm wins face-off versus Filip Forsberg in Nashville Predators zone.
15:16 of 3rd period - Colton Sissons is hit by MacKenzie Weegar and loses puck.
15:58 of 3rd period - Penalty to Dante Fabbro is over, Dante Fabbro is back on ice.
16:39 of 3rd period - Mikael Backlund is hit by Tommy Novak and loses puck.
17:29 of 3rd period - Cole Smith is hit by Jonathan Huberdeau and loses puck.
18:24 of 3rd period - Yegor Sharangovich is hit by Tyson Barrie.
18:52 of 3rd period - Icing by Chris Tanev.
18:53 of 3rd period - Elias Lindholm wins face-off versus Tommy Novak in Calgary Flames zone.
Goals for this period are 0 for Calgary Flames vs 1 for Nashville Predators.
Shots for this period are 6 for Calgary Flames vs 5 for Nashville Predators.